Jets vs Sabres
Created - April 18, 2018 at 23:14
Goals
|
| Jets |
0 |
1 |
0 |
1 |
| Sabres |
1 |
3 |
0 |
4 |
|
Shots
|
| Jets |
13 |
12 |
13 |
38 |
| Sabres |
12 |
17 |
3 |
32 |
|
1st period
1. Sabres , Ilya Kovalchuk 43 (Brad Richardson 10) at 6:39
Penalties :
No Penalty
2nd period
2. Sabres , Darcy Hordichuk 13 (Zack Kassian 23) at 4:21
3. Sabres , Evander Kane 43 (Scottie Upshall 21, Rob Scuderi 29) at 4:32
4. Sabres , Vincent Lecavalier 30 (Ilya Kovalchuk 49, Michael Kostka 29) at 7:07
5. Jets , Josh Bailey 8 (Shea Weber 33, James Wright 4) at 10:24
Penalties :
No Penalty
3rd period
No Goal
Penalties :
No Penalty
Goalie Stats
Jacob Markstrom (Win), 28 saves from 32 shots - (0.875), L, 9-13-2, 60:00 minutes
Jonas Hiller (Buf), 37 saves from 38 shots - (0.974), W, 10-4-1, 60:00 minutes
Players Stats for Jets
Player Name G A P +/- PIM S H SB GA TA FO MP PP MP PK MP
------------------------------------------------------------------------------------
Alexander Frolov 0 0 0 -2 0 4 1 0 0 0 0/1 15:14 0:00 0:00
Anton Volchenkov 0 0 0 -1 0 1 0 1 1 0 0/0 16:23 0:00 0:00
Benoit Pouliot 0 0 0 -2 0 3 3 0 3 0 2/4 21:20 0:00 0:00
Derek Roy 0 0 0 -2 0 0 1 0 1 1 9/23 21:45 0:00 0:00
Derek Stepan 0 0 0 -2 0 1 5 0 0 1 10/14 10:50 0:00 0:00
Devin Setoguchi 0 0 0 -2 0 3 0 0 0 0 0/1 15:14 0:00 0:00
Dustin Brown 0 0 0 -2 0 3 3 1 1 0 0/0 21:07 0:00 0:00
Eric Gelinas 0 0 0 -1 0 2 0 0 0 2 0/0 17:51 0:00 0:00
Erik Haula 0 0 0 1 0 1 0 0 0 0 0/0 12:07 0:00 0:00
James Wright 0 1 1 1 0 2 0 0 0 1 4/5 12:20 0:00 0:00
Joe Colborne 0 0 0 0 0 3 3 1 0 0 4/12 12:10 0:00 0:00
Josh Bailey 1 0 1 1 0 2 2 1 0 0 1/1 11:54 0:00 0:00
Justin Falk 0 0 0 -1 0 3 0 0 0 1 0/0 16:23 0:00 0:00
Lee Stempniak 0 0 0 0 0 1 3 0 0 0 0/1 12:23 0:00 0:00
Marco Scandella 0 0 0 -1 0 1 1 1 0 1 0/0 25:33 0:00 0:00
Marcus Johansson 0 0 0 0 0 3 1 0 0 0 1/2 14:02 0:00 0:00
Shea Weber 0 1 1 -1 0 3 3 0 0 1 0/0 25:33 0:00 0:00
Tomas Kundratek 0 0 0 -1 0 2 1 0 0 0 0/0 17:51 0:00 0:00
Players Stats for Sabres
Player Name G A P +/- PIM S H SB GA TA FO MP PP MP PK MP
------------------------------------------------------------------------------------
Andrei Loktionov 0 0 0 1 0 2 1 0 0 0 8/17 17:59 0:00 0:00
Brad Richardson 0 1 1 2 0 3 1 0 1 0 0/0 20:08 0:00 0:00
Brandon Sutter 0 0 0 0 0 1 0 0 1 0 8/13 14:45 0:00 0:00
Branko Radivojevic 0 0 0 0 0 0 1 0 0 0 0/0 9:09 0:00 0:00
Darcy Hordichuk 1 0 1 0 0 2 3 1 0 0 2/3 13:38 0:00 0:00
Evander Kane 1 0 1 1 0 3 1 2 2 1 3/10 22:23 0:00 0:00
Ilya Kovalchuk 1 1 2 2 0 5 1 0 1 0 0/0 20:08 0:00 0:00
Jakub Kindl 0 0 0 1 0 0 1 1 0 0 0/0 13:06 0:00 0:00
Jared Cowen 0 0 0 2 0 1 3 0 0 1 0/0 24:14 0:00 0:00
Jordan Leopold 0 0 0 1 0 0 0 2 0 0 0/0 13:06 0:00 0:00
Matt Martin 0 0 0 0 0 1 3 0 0 0 0/0 9:09 0:00 0:00
Michael Kostka 0 1 1 2 0 2 2 2 1 1 0/0 24:14 0:00 0:00
Rob Scuderi 0 1 1 0 0 2 2 1 0 1 0/0 22:40 0:00 0:00
Ryan O'Reilly 0 0 0 1 0 1 0 1 0 0 8/13 8:36 0:00 0:00
Scottie Upshall 0 1 1 1 0 2 2 0 0 0 1/2 17:05 0:00 0:00
Vincent Lecavalier 1 0 1 1 0 3 0 0 0 0 3/5 13:22 0:00 0:00
Zach Bogosian 0 0 0 0 0 2 1 2 0 1 0/0 22:40 0:00 0:00
Zack Kassian 0 1 1 0 0 2 3 0 2 1 0/1 13:38 0:00 0:00
3 Stars
1 - Jonas Hiller (Buf)
2 - Ilya Kovalchuk (Buf)
3 - Evander Kane (Buf)
Power Play
Jets - 0 on 0 Attempt(s) - 0.00%
Sabres - 0 on 0 Attempt(s) - 0.00%
Penalty Kill
Jets - 0 on 0 Attempt(s) - 0.00%
- Score 0 goal in Penalty Kill
Sabres - 0 on 0 Attempt(s) - 0.00%
- Score 0 goal in Penalty Kill
Team Stat
Jets - Hits : 27 - Faceoff Wins : 31 - Blocked Shots : 5 - Penalty Minutes : 0
Sabres - Hits : 25 - Faceoff Wins : 33 - Blocked Shots : 12 - Penalty Minutes : 0
Official
Referees : StLaurent Francois and Kozari Steve
Linesman : Bryan Pancich and Brad Kovachik
Game Notes
Ryan O'Reilly is injured at 5:16 of 2nd period (Left Eye)
Derek Stepan is injured at 4:00 of 3rd period (Sprained Right Ankle)
Finance
Level 1 -- Attendance: 5505 (91.75%) -- Ticket Income $484,440
Level 2 -- Attendance: 4448 (88.96%) -- Ticket Income $240,192
Level 3 -- Attendance: 1871 (93.55%) -- Ticket Income $65,485
Level 4 -- Attendance: 3949 (98.73%) -- Ticket Income $106,623
Luxury Box -- Attendance: 906 (90.60%) -- Ticket Income $146,772
Game was played at the Duff Garden.
Total Attendance: 16679 (92.66%)
Total Ticket Income: $1,043,512
Other Income: $156,527
Total Income: $1,200,039
Jets
5 vs 5 Forward
Center Left Wing Right Wing Time % Phy DF OF
1 Derek Roy Benoit Pouliot Dustin Brown 40 1 2 2
2 Derek Stepan Alexander Frolov Devin Setoguchi 25 1 2 2
3 Joe Colborne Marcus Johansson Lee Stempniak 20 0 3 2
4 James Wright Erik Haula Josh Bailey 15 1 2 2
5 vs 5 Defense
Defense Defense Time % Phy DF OF
1 Shea Weber Marco Scandella 40 1 2 2
2 Tomas Kundratek Eric Gelinas 30 1 2 2
3 Anton Volchenkov Justin Falk 25 1 2 2
4 Shea Weber Marco Scandella 5 1 2 2
PowerPlay Forward
Center Left Wing Right Wing Time % Phy DF OF
1 Derek Roy Benoit Pouliot Dustin Brown 60 1 0 4
2 Derek Stepan Alexander Frolov Devin Setoguchi 40 1 2 2
PowerPlay Defense
Defense Defense Time % Phy DF OF
1 Marco Scandella Shea Weber 55 1 1 3
2 Eric Gelinas Tomas Kundratek 45 0 1 4
Penalty Kill 4 Players Forward
Center Wing Time % Phy DF OF
1 Erik Haula Dustin Brown 60 1 2 2
2 Joe Colborne Alexander Frolov 40 1 2 2
Penalty Kill 4 Players Defense
Defense Defense Time % Phy DF OF
1 Marco Scandella Anton Volchenkov 60 1 2 2
2 Eric Gelinas Shea Weber 40 1 2 2
Penalty Kill - 3 Players Forward
Forward Time % Phy DF OF
1 Erik Haula 60 1 2 2
2 Alexander Frolov 40 1 2 2
Penalty Kill - 3 Players Defense
Defense Defense Time % Phy DF OF
1 Shea Weber Anton Volchenkov 60 1 2 2
2 Eric Gelinas Marco Scandella 40 1 2 2
4 vs 4 Forward
Center Wing Time % Phy DF OF
1 Derek Stepan Devin Setoguchi 60 1 2 2
2 Derek Roy Benoit Pouliot 40 1 2 2
4 vs 4 Defense
Defense Defense Time % Phy DF OF
1 Shea Weber Marco Scandella 60 1 2 2
2 Anton Volchenkov Eric Gelinas 40 1 2 2
Last Minutes Offensive
Center Left Wing Right Wing Defense Defense
Derek Roy Benoit Pouliot Dustin Brown Shea Weber Marco Scandella
Last Minutes Defensive
Center Left Wing Right Wing Defense Defense
Derek Roy Erik Haula Dustin Brown Shea Weber Marco Scandella
Goaltenders
Starting : Jacob Markstrom
Backup : Kari Lehtonen
Extra Forwards
Normal : Marcus Johansson, Derek Roy, Lee Stempniak - PP : Marcus Johansson, Derek Roy - PK : Lee Stempniak
Extra Defensemen
Normal : Eric Gelinas, Shea Weber, Marco Scandella - PP : Eric Gelinas - PK : Shea Weber, Marco Scandella
Penalty Shots
Derek Roy, Benoit Pouliot, Devin Setoguchi, Lee Stempniak, Marcus Johansson
Scratches
Fredrik Sjostrom (Healthy), Kevin Klein (Healthy), Michael Rupp (Healthy), Tyler Myers (Abdomen/Ribs Injury)
Sabres
5 vs 5 Forward
Center Left Wing Right Wing Time % Phy DF OF
1 Ryan O'Reilly Ilya Kovalchuk Brad Richardson 36 0 2 3
2 Andrei Loktionov Evander Kane Scottie Upshall 34 0 2 3
3 Brandon Sutter Darcy Hordichuk Zack Kassian 21 0 2 3
4 Vincent Lecavalier Matt Martin Branko Radivojevic 9 0 3 2
5 vs 5 Defense
Defense Defense Time % Phy DF OF
1 Zach Bogosian Rob Scuderi 40 0 3 2
2 Jared Cowen Michael Kostka 40 0 4 1
3 Jakub Kindl Jordan Leopold 20 0 4 1
4 Michael Kostka Jared Cowen 0 0 3 2
PowerPlay Forward
Center Left Wing Right Wing Time % Phy DF OF
1 Andrei Loktionov Ilya Kovalchuk Zack Kassian 55 0 0 5
2 Vincent Lecavalier Evander Kane Scottie Upshall 45 0 0 5
PowerPlay Defense
Defense Defense Time % Phy DF OF
1 Zach Bogosian Rob Scuderi 55 1 1 3
2 Jared Cowen Michael Kostka 45 1 1 3
Penalty Kill 4 Players Forward
Center Wing Time % Phy DF OF
1 Brandon Sutter Darcy Hordichuk 60 0 5 0
2 Vincent Lecavalier Ilya Kovalchuk 40 0 4 1
Penalty Kill 4 Players Defense
Defense Defense Time % Phy DF OF
1 Zach Bogosian Michael Kostka 60 0 5 0
2 Jared Cowen Rob Scuderi 40 0 4 1
Penalty Kill - 3 Players Forward
Forward Time % Phy DF OF
1 Brandon Sutter 60 0 5 0
2 Darcy Hordichuk 40 0 5 0
Penalty Kill - 3 Players Defense
Defense Defense Time % Phy DF OF
1 Michael Kostka Jared Cowen 60 0 5 0
2 Zach Bogosian Rob Scuderi 40 0 5 0
4 vs 4 Forward
Center Wing Time % Phy DF OF
1 Andrei Loktionov Ilya Kovalchuk 60 1 2 2
2 Vincent Lecavalier Zack Kassian 40 1 2 2
4 vs 4 Defense
Defense Defense Time % Phy DF OF
1 Zach Bogosian Jakub Kindl 60 1 2 2
2 Michael Kostka Jared Cowen 40 1 2 2
Last Minutes Offensive
Center Left Wing Right Wing Defense Defense
Vincent Lecavalier Ilya Kovalchuk Zack Kassian Zach Bogosian Michael Kostka
Last Minutes Defensive
Center Left Wing Right Wing Defense Defense
Brandon Sutter Ilya Kovalchuk Zack Kassian Zach Bogosian Jared Cowen
Goaltenders
Starting : Jonas Hiller
Backup : Robin Lehner
Extra Forwards
Normal : Ilya Kovalchuk, Evander Kane, Vincent Lecavalier - PP : Evander Kane, Vincent Lecavalier - PK : Matt Martin
Extra Defensemen
Normal : Zach Bogosian, Rob Scuderi, Jared Cowen - PP : Jakub Kindl - PK : Rob Scuderi, Michael Kostka
Penalty Shots
Ilya Kovalchuk, Vincent Lecavalier, Evander Kane, Darcy Hordichuk, Scottie Upshall
Scratches
Kyle Okposo (Fractured Orbital Bone Injury), Wade Redden (Healthy)
% Time on Ice - Jets
Lines # - Real PCT - Wanted PCT - Time Play
Normal Forward
1 - 35% - 40% - 21:07
2 - 25% - 25% - 15:14
3 - 20% - 20% - 11:45
4 - 20% - 15% - 11:54
Normal Defense
1 - 39% - 40% - 23:18
2 - 30% - 30% - 17:51
3 - 27% - 25% - 16:23
4 - 4% - 5% - 2:28
PP Forward
1 - 0% - 60%
2 - 0% - 40%
PP Defense
1 - 0% - 55%
2 - 0% - 45%
PK Forward
1 - 0% - 60%
2 - 0% - 40%
PK Defense
1 - 0% - 60%
2 - 0% - 40%
PK3 Forward
1 - 0% - 60%
2 - 0% - 40%
PK3 Defense
1 - 0% - 60%
2 - 0% - 40%
44 Forward
1 - 0% - 60%
2 - 0% - 40%
44 Defense
1 - 0% - 60%
2 - 0% - 40%
Last Minute Offensive - 0:00
Last Minute Defensive - 0:00
Total
Forward - 60:00
Defense - 60:00
|
% Time on Ice - Sabres
Lines # - Real PCT - Wanted PCT - Time Play
Normal Forward
1 - 34% - 36% - 20:08
2 - 28% - 34% - 17:05
3 - 23% - 21% - 13:38
4 - 15% - 9% - 9:09
Normal Defense
1 - 38% - 40% - 22:40
2 - 39% - 40% - 23:23
3 - 22% - 20% - 13:06
4 - 1% - 0% - 0:51
PP Forward
1 - 0% - 55%
2 - 0% - 45%
PP Defense
1 - 0% - 55%
2 - 0% - 45%
PK Forward
1 - 0% - 60%
2 - 0% - 40%
PK Defense
1 - 0% - 60%
2 - 0% - 40%
PK3 Forward
1 - 0% - 60%
2 - 0% - 40%
PK3 Defense
1 - 0% - 60%
2 - 0% - 40%
44 Forward
1 - 0% - 60%
2 - 0% - 40%
44 Defense
1 - 0% - 60%
2 - 0% - 40%
Last Minute Offensive - 0:00
Last Minute Defensive - 0:00
Total
Forward - 60:00
Defense - 60:00
|
Play by Play
1st period
0:01 of 1st period - Benoit Pouliot wins face-off versus Ryan O'Reilly in neutral zone.
0:09 of 1st period - Snap shot by Ilya Kovalchuk.
0:09 of 1st period - Deflect By Brad Richardson.
0:09 of 1st period - Shot Misses the Net.
0:09 of 1st period - Puck is out of play.
0:10 of 1st period - Ryan O'Reilly wins face-off versus Derek Roy in Jets zone.
0:28 of 1st period - Snap shot by Ilya Kovalchuk.
0:28 of 1st period - Shot Misses the Net.
0:45 of 1st period - Slapshot by Brad Richardson.
0:45 of 1st period - Shot Misses the Net.
1:03 of 1st period - Snap shot by Benoit Pouliot.
1:03 of 1st period - Stopped by Jonas Hiller with a rebound.
1:05 of 1st period - Wrist shot by Marco Scandella.
1:05 of 1st period - Stopped by Jonas Hiller with a rebound.
1:07 of 1st period - Backhand shot by Benoit Pouliot.
1:07 of 1st period - Shot Misses the Net.
1:09 of 1st period - Snap shot by Shea Weber.
1:09 of 1st period - Shot Misses the Net.
1:31 of 1st period - Wrist shot by Brad Richardson.
1:31 of 1st period - Stopped by Jacob Markstrom without a rebound.
1:32 of 1st period - Andrei Loktionov wins face-off versus Alexander Frolov in Jets zone.
2:06 of 1st period - Michael Kostka is hit by Derek Stepan and loses puck.
2:11 of 1st period - Snap shot by Alexander Frolov.
2:11 of 1st period - Shot Misses the Net.
2:13 of 1st period - Snap shot by Devin Setoguchi.
2:13 of 1st period - Shot Misses the Net.
2:15 of 1st period - Snap shot by Justin Falk.
2:15 of 1st period - Stopped by Jonas Hiller with a rebound.
2:17 of 1st period - Snap shot by Justin Falk.
2:17 of 1st period - Stopped by Jonas Hiller without a rebound.
2:18 of 1st period - Brandon Sutter wins face-off versus Joe Colborne in Sabres zone.
2:22 of 1st period - Off-side.
2:23 of 1st period - Brandon Sutter wins face-off versus Joe Colborne in neutral zone.
3:58 of 1st period - Snap shot by Brandon Sutter.
3:58 of 1st period - Stopped by Jacob Markstrom with a rebound.
4:00 of 1st period - Slapshot by Jared Cowen.
4:00 of 1st period - Shot Misses the Net.
4:02 of 1st period - Slapshot by Jared Cowen.
4:02 of 1st period - Stopped by Jacob Markstrom with a rebound.
4:46 of 1st period - Snap shot by Andrei Loktionov.
4:46 of 1st period - Stopped by Jacob Markstrom without a rebound.
4:47 of 1st period - Derek Stepan wins face-off versus Brandon Sutter in Jets zone.
5:02 of 1st period - Wrist shot by Alexander Frolov.
5:02 of 1st period - Stopped by Jonas Hiller without a rebound.
5:03 of 1st period - Ryan O'Reilly wins face-off versus Benoit Pouliot in Sabres zone.
5:03 of 1st period - Ryan O'Reilly is hit by Dustin Brown.
5:18 of 1st period - Snap shot by Dustin Brown.
5:18 of 1st period - Shot Misses the Net.
6:09 of 1st period - Alexander Frolov is hit by Matt Martin and loses puck.
6:39 of 1st period - Snap shot by Ilya Kovalchuk.
6:39 of 1st period - Goal by Ilya Kovalchuk - Jets : 0 - Sabres : 1.
6:40 of 1st period - Scottie Upshall wins face-off versus Derek Roy in neutral zone.
7:07 of 1st period - Zack Kassian is hit by Joe Colborne and loses puck.
7:12 of 1st period - Slapshot by Marcus Johansson.
7:12 of 1st period - Stopped by Jonas Hiller without a rebound.
7:13 of 1st period - Ryan O'Reilly wins face-off versus Lee Stempniak in Sabres zone.
7:18 of 1st period - Anton Volchenkov is hit by Jakub Kindl and loses puck.
7:25 of 1st period - Wrist shot by Ryan O'Reilly.
7:25 of 1st period - Stopped by Jacob Markstrom without a rebound.
7:26 of 1st period - Derek Stepan wins face-off versus Evander Kane in Jets zone.
7:34 of 1st period - Off-side.
7:35 of 1st period - Derek Stepan wins face-off versus Andrei Loktionov in neutral zone.
7:48 of 1st period - Slapshot by Devin Setoguchi.
7:48 of 1st period - Stopped by Jonas Hiller with a rebound.
7:50 of 1st period - Snap shot by Shea Weber.
7:50 of 1st period - Stopped by Jonas Hiller without a rebound.
7:51 of 1st period - Ryan O'Reilly wins face-off versus Benoit Pouliot in Sabres zone.
8:25 of 1st period - Slapshot by Eric Gelinas.
8:25 of 1st period - Stopped by Jonas Hiller without a rebound.
8:26 of 1st period - Andrei Loktionov wins face-off versus Joe Colborne in Sabres zone.
8:43 of 1st period - Snap shot by Evander Kane.
8:43 of 1st period - Shot Misses the Net.
9:03 of 1st period - Snap shot by Benoit Pouliot.
9:03 of 1st period - Stopped by Jonas Hiller with a rebound.
9:05 of 1st period - Snap shot by Dustin Brown.
9:05 of 1st period - Stopped by Jonas Hiller with a rebound.
10:05 of 1st period - Snap shot by Andrei Loktionov.
10:05 of 1st period - Stopped by Jacob Markstrom without a rebound.
10:06 of 1st period - Ryan O'Reilly wins face-off versus Derek Roy in Jets zone.
10:15 of 1st period - Wrist shot by Ilya Kovalchuk.
10:15 of 1st period - Shot Blocked by Anton Volchenkov.
10:21 of 1st period - Wrist shot by Brad Richardson.
10:21 of 1st period - Stopped by Jacob Markstrom with a rebound.
10:40 of 1st period - Eric Gelinas is hit by Scottie Upshall and loses puck.
10:59 of 1st period - Zack Kassian is hit by Lee Stempniak and loses puck.
12:08 of 1st period - Shea Weber is hit by Zach Bogosian and loses puck.
12:23 of 1st period - Marco Scandella is hit by Jared Cowen and loses puck.
12:34 of 1st period - Snap shot by Dustin Brown.
12:34 of 1st period - Shot Blocked by Michael Kostka.
12:36 of 1st period - Slapshot by Justin Falk.
12:36 of 1st period - Shot Blocked by Evander Kane.
12:38 of 1st period - Snap shot by Anton Volchenkov.
12:38 of 1st period - Shot Misses the Net.
12:40 of 1st period - Snap shot by Justin Falk.
12:40 of 1st period - Shot Misses the Net.
12:42 of 1st period - Slapshot by Justin Falk.
12:42 of 1st period - Stopped by Jonas Hiller with a rebound.
13:14 of 1st period - Jared Cowen is hit by Benoit Pouliot and loses puck.
13:25 of 1st period - Slapshot by Evander Kane.
13:25 of 1st period - Stopped by Jacob Markstrom with a rebound.
13:27 of 1st period - Slapshot by Rob Scuderi.
13:27 of 1st period - Shot Misses the Net.
13:49 of 1st period - Snap shot by Zach Bogosian.
13:49 of 1st period - Deflect By Derek Roy.
13:49 of 1st period - Stopped by Jacob Markstrom with a rebound.
13:55 of 1st period - Slapshot by Evander Kane.
13:55 of 1st period - Shot Blocked by Dustin Brown.
13:57 of 1st period - Snap shot by Rob Scuderi.
13:57 of 1st period - Stopped by Jacob Markstrom without a rebound.
13:58 of 1st period - Derek Stepan wins face-off versus Ryan O'Reilly in Jets zone.
14:05 of 1st period - Snap shot by Devin Setoguchi.
14:05 of 1st period - Deflect By Jakub Kindl.
14:05 of 1st period - Shot Misses the Net.
14:05 of 1st period - Puck is out of play.
14:06 of 1st period - Derek Stepan wins face-off versus Ryan O'Reilly in Sabres zone.
14:09 of 1st period - Wrist shot by Devin Setoguchi.
14:09 of 1st period - Shot Blocked by Ryan O'Reilly.
14:15 of 1st period - Wrist shot by Devin Setoguchi.
14:15 of 1st period - Shot Blocked by Jordan Leopold.
15:16 of 1st period - Icing by Marco Scandella.
15:17 of 1st period - Derek Stepan wins face-off versus Darcy Hordichuk in Jets zone.
15:26 of 1st period - Brandon Sutter is hit by Derek Stepan and loses puck.
15:34 of 1st period - Icing by Zack Kassian.
15:35 of 1st period - Brandon Sutter wins face-off versus Joe Colborne in Sabres zone.
15:39 of 1st period - Off-side.
15:40 of 1st period - Brandon Sutter wins face-off versus Joe Colborne in neutral zone.
16:02 of 1st period - Icing by Rob Scuderi.
16:03 of 1st period - Brandon Sutter wins face-off versus James Wright in Sabres zone.
16:10 of 1st period - Tomas Kundratek is hit by Ilya Kovalchuk.
17:11 of 1st period - Snap shot by Josh Bailey.
17:11 of 1st period - Shot Misses the Net.
17:24 of 1st period - Erik Haula is hit by Matt Martin and loses puck.
18:03 of 1st period - Snap shot by Vincent Lecavalier.
18:03 of 1st period - Shot Misses the Net.
18:05 of 1st period - Slapshot by Michael Kostka.
18:05 of 1st period - Shot Misses the Net.
18:07 of 1st period - Snap shot by Jared Cowen.
18:07 of 1st period - Shot Blocked by Josh Bailey.
18:09 of 1st period - Slapshot by Michael Kostka.
18:09 of 1st period - Deflect By Eric Gelinas.
18:09 of 1st period - Stopped by Jacob Markstrom without a rebound.
18:10 of 1st period - Ryan O'Reilly wins face-off versus Joe Colborne in Jets zone.
18:11 of 1st period - Wrist shot by Zach Bogosian.
18:11 of 1st period - Shot Blocked by Joe Colborne.
18:19 of 1st period - Wrist shot by Ilya Kovalchuk.
18:19 of 1st period - Shot Hit the Post.
18:35 of 1st period - Zach Bogosian is hit by Dustin Brown and loses puck.
19:22 of 1st period - Jordan Leopold is hit by Derek Stepan and loses puck.
19:27 of 1st period - Backhand shot by Devin Setoguchi.
19:27 of 1st period - Stopped by Jonas Hiller with a rebound.
Goals for this period are 0 for Jets vs 1 for Sabres.
Shots for this period are 13 for Jets vs 12 for Sabres.
2nd period
0:01 of 2nd period - Ryan O'Reilly wins face-off versus Derek Roy in neutral zone.
0:31 of 2nd period - Slapshot by Evander Kane.
0:31 of 2nd period - Shot Hit the Post.
0:47 of 2nd period - Anton Volchenkov is hit by Jared Cowen.
1:49 of 2nd period - Slapshot by Jordan Leopold.
1:49 of 2nd period - Shot Blocked by Marco Scandella.
2:13 of 2nd period - Snap shot by Zack Kassian.
2:13 of 2nd period - Stopped by Jacob Markstrom without a rebound.
2:14 of 2nd period - Josh Bailey wins face-off versus Brandon Sutter in Jets zone.
2:32 of 2nd period - Icing by Eric Gelinas.
2:33 of 2nd period - James Wright wins face-off versus Ryan O'Reilly in Jets zone.
2:41 of 2nd period - Ryan O'Reilly is hit by Josh Bailey and loses puck.
3:09 of 2nd period - Wrist shot by Zack Kassian.
3:09 of 2nd period - Deflect By Darcy Hordichuk.
3:09 of 2nd period - Shot Misses the Net.
3:09 of 2nd period - Puck is out of play.
3:10 of 2nd period - Derek Roy wins face-off versus Scottie Upshall in Jets zone.
3:15 of 2nd period - Rob Scuderi is hit by Derek Roy.
3:43 of 2nd period - Snap shot by Ilya Kovalchuk.
3:43 of 2nd period - Stopped by Jacob Markstrom with a rebound.
3:45 of 2nd period - Slapshot by Rob Scuderi.
3:45 of 2nd period - Stopped by Jacob Markstrom without a rebound.
3:46 of 2nd period - Derek Stepan wins face-off versus Ryan O'Reilly in Jets zone.
4:21 of 2nd period - Snap shot by Darcy Hordichuk.
4:21 of 2nd period - Goal by Darcy Hordichuk - Jets : 0 - Sabres : 2.
4:22 of 2nd period - Derek Roy wins face-off versus Andrei Loktionov in neutral zone.
4:32 of 2nd period - Slapshot by Evander Kane.
4:32 of 2nd period - Goal by Evander Kane - Jets : 0 - Sabres : 3.
4:33 of 2nd period - Andrei Loktionov wins face-off versus Derek Roy in neutral zone.
4:36 of 2nd period - Shea Weber is hit by Evander Kane and loses puck.
4:49 of 2nd period - Wrist shot by Andrei Loktionov.
4:49 of 2nd period - Deflect By Scottie Upshall.
4:49 of 2nd period - Stopped by Jacob Markstrom without a rebound.
4:50 of 2nd period - Ryan O'Reilly wins face-off versus Joe Colborne in Jets zone.
5:15 of 2nd period - Ryan O'Reilly is hit by Derek Stepan and loses puck.
5:16 of 2nd period - Ryan O'Reilly from Sabres is injured at 5:16 of 2nd period (Left Eye).
5:17 of 2nd period - Andrei Loktionov wins face-off versus Derek Roy in Sabres zone.
5:17 of 2nd period - Andrei Loktionov is hit by Marco Scandella.
5:23 of 2nd period - Shea Weber is hit by Andrei Loktionov and loses puck.
5:43 of 2nd period - Ilya Kovalchuk is hit by Shea Weber and loses puck.
6:21 of 2nd period - Off-side.
6:22 of 2nd period - Vincent Lecavalier wins face-off versus Derek Roy in neutral zone.
6:29 of 2nd period - Snap shot by Vincent Lecavalier.
6:29 of 2nd period - Stopped by Jacob Markstrom without a rebound.
6:30 of 2nd period - Derek Roy wins face-off versus Andrei Loktionov in Jets zone.
6:30 of 2nd period - Derek Roy is hit by Scottie Upshall.
7:05 of 2nd period - Slapshot by Ilya Kovalchuk.
7:05 of 2nd period - Shot Misses the Net.
7:07 of 2nd period - Slapshot by Vincent Lecavalier.
7:07 of 2nd period - Goal by Vincent Lecavalier - Jets : 0 - Sabres : 4.
7:08 of 2nd period - Derek Roy wins face-off versus Andrei Loktionov in neutral zone.
7:34 of 2nd period - Brad Richardson is hit by Derek Stepan and loses puck.
7:59 of 2nd period - Snap shot by Marcus Johansson.
7:59 of 2nd period - Shot Blocked by Michael Kostka.
8:01 of 2nd period - Snap shot by Lee Stempniak.
8:01 of 2nd period - Shot Blocked by Darcy Hordichuk.
8:37 of 2nd period - Snap shot by Ilya Kovalchuk.
8:37 of 2nd period - Shot Misses the Net.
8:41 of 2nd period - Slapshot by Vincent Lecavalier.
8:41 of 2nd period - Stopped by Jacob Markstrom without a rebound.
8:42 of 2nd period - Evander Kane wins face-off versus Derek Roy in Jets zone.
9:05 of 2nd period - Wrist shot by Benoit Pouliot.
9:05 of 2nd period - Stopped by Jonas Hiller without a rebound.
9:06 of 2nd period - Darcy Hordichuk wins face-off versus Derek Stepan in Sabres zone.
9:11 of 2nd period - Snap shot by Michael Kostka.
9:11 of 2nd period - Deflect By Darcy Hordichuk.
9:11 of 2nd period - Stopped by Jacob Markstrom with a rebound.
9:36 of 2nd period - Slapshot by Shea Weber.
9:36 of 2nd period - Shot Misses the Net.
9:38 of 2nd period - Wrist shot by Joe Colborne.
9:38 of 2nd period - Shot Blocked by Evander Kane.
9:40 of 2nd period - Snap shot by Joe Colborne.
9:40 of 2nd period - Stopped by Jonas Hiller with a rebound.
10:15 of 2nd period - Icing by Shea Weber.
10:16 of 2nd period - James Wright wins face-off versus Brandon Sutter in Jets zone.
10:16 of 2nd period - James Wright is hit by Darcy Hordichuk.
10:22 of 2nd period - Snap shot by Shea Weber.
10:22 of 2nd period - Stopped by Jonas Hiller with a rebound.
10:24 of 2nd period - Slapshot by Josh Bailey.
10:24 of 2nd period - Goal by Josh Bailey - Jets : 1 - Sabres : 4.
10:25 of 2nd period - Derek Roy wins face-off versus Andrei Loktionov in neutral zone.
10:28 of 2nd period - Wrist shot by Dustin Brown.
10:28 of 2nd period - Shot Misses the Net.
10:40 of 2nd period - Wrist shot by Evander Kane.
10:40 of 2nd period - Stopped by Jacob Markstrom with a rebound.
10:42 of 2nd period - Slapshot by Zach Bogosian.
10:42 of 2nd period - Stopped by Jacob Markstrom without a rebound.
10:43 of 2nd period - Derek Stepan wins face-off versus Evander Kane in Jets zone.
10:58 of 2nd period - Icing by Tomas Kundratek.
10:59 of 2nd period - Derek Stepan wins face-off versus Brandon Sutter in Jets zone.
11:04 of 2nd period - Slapshot by Tomas Kundratek.
11:04 of 2nd period - Stopped by Jonas Hiller with a rebound.
11:12 of 2nd period - Wrist shot by Brandon Sutter.
11:12 of 2nd period - Shot Misses the Net.
11:54 of 2nd period - Lee Stempniak is hit by Brad Richardson and loses puck.
12:40 of 2nd period - Icing by Anton Volchenkov.
12:41 of 2nd period - Andrei Loktionov wins face-off versus Derek Stepan in Jets zone.
12:47 of 2nd period - Off-side.
12:48 of 2nd period - Benoit Pouliot wins face-off versus Andrei Loktionov in neutral zone.
13:05 of 2nd period - Zach Bogosian is hit by Benoit Pouliot and loses puck.
13:42 of 2nd period - Snap shot by Brandon Sutter.
13:42 of 2nd period - Deflect By Zack Kassian.
13:42 of 2nd period - Stopped by Jacob Markstrom without a rebound.
13:43 of 2nd period - Evander Kane wins face-off versus Derek Roy in Jets zone.
13:50 of 2nd period - Wrist shot by Brad Richardson.
13:50 of 2nd period - Stopped by Jacob Markstrom with a rebound.
14:08 of 2nd period - Icing by Michael Kostka.
14:09 of 2nd period - Joe Colborne wins face-off versus Evander Kane in Sabres zone.
14:22 of 2nd period - Backhand shot by Alexander Frolov.
14:22 of 2nd period - Stopped by Jonas Hiller with a rebound.
14:41 of 2nd period - Rob Scuderi is hit by Lee Stempniak.
15:21 of 2nd period - Wrist shot by Evander Kane.
15:21 of 2nd period - Shot Misses the Net.
15:23 of 2nd period - Snap shot by Ilya Kovalchuk.
15:23 of 2nd period - Stopped by Jacob Markstrom with a rebound.
15:49 of 2nd period - Slapshot by Ilya Kovalchuk.
15:49 of 2nd period - Stopped by Jacob Markstrom with a rebound.
16:27 of 2nd period - Wrist shot by Tomas Kundratek.
16:27 of 2nd period - Stopped by Jonas Hiller with a rebound.
16:39 of 2nd period - Snap shot by Ilya Kovalchuk.
16:39 of 2nd period - Stopped by Jacob Markstrom without a rebound.
16:40 of 2nd period - Brandon Sutter wins face-off versus Devin Setoguchi in Jets zone.
16:55 of 2nd period - Slapshot by Alexander Frolov.
16:55 of 2nd period - Stopped by Jonas Hiller without a rebound.
16:56 of 2nd period - Vincent Lecavalier wins face-off versus Joe Colborne in Sabres zone.
17:07 of 2nd period - Snap shot by Marcus Johansson.
17:07 of 2nd period - Stopped by Jonas Hiller with a rebound.
17:09 of 2nd period - Snap shot by Lee Stempniak.
17:09 of 2nd period - Stopped by Jonas Hiller without a rebound.
17:10 of 2nd period - Brandon Sutter wins face-off versus Derek Stepan in Sabres zone.
17:35 of 2nd period - Michael Kostka is hit by Joe Colborne and loses puck.
18:14 of 2nd period - Off-side.
18:15 of 2nd period - Derek Stepan wins face-off versus Vincent Lecavalier in neutral zone.
18:26 of 2nd period - Slapshot by Derek Stepan.
18:26 of 2nd period - Stopped by Jonas Hiller without a rebound.
18:27 of 2nd period - Brandon Sutter wins face-off versus Derek Roy in Sabres zone.
19:21 of 2nd period - Off-side.
19:22 of 2nd period - James Wright wins face-off versus Zack Kassian in neutral zone.
19:29 of 2nd period - Snap shot by Josh Bailey.
19:29 of 2nd period - Deflect By James Wright.
19:29 of 2nd period - Stopped by Jonas Hiller without a rebound.
19:30 of 2nd period - Derek Roy wins face-off versus Evander Kane in Sabres zone.
19:57 of 2nd period - Devin Setoguchi is hit by Zack Kassian and loses puck.
Goals for this period are 1 for Jets vs 3 for Sabres.
Shots for this period are 12 for Jets vs 17 for Sabres.
3rd period
0:01 of 3rd period - Andrei Loktionov wins face-off versus Derek Roy in neutral zone.
0:08 of 3rd period - Snap shot by Scottie Upshall.
0:08 of 3rd period - Stopped by Jacob Markstrom without a rebound.
0:09 of 3rd period - Andrei Loktionov wins face-off versus Derek Roy in Jets zone.
0:44 of 3rd period - Wrist shot by Benoit Pouliot.
0:44 of 3rd period - Shot Misses the Net.
0:46 of 3rd period - Slapshot by Marco Scandella.
0:46 of 3rd period - Shot Blocked by Jakub Kindl.
0:52 of 3rd period - Slapshot by Benoit Pouliot.
0:52 of 3rd period - Shot Misses the Net.
1:02 of 3rd period - Wrist shot by Benoit Pouliot.
1:02 of 3rd period - Shot Blocked by Jordan Leopold.
1:04 of 3rd period - Wrist shot by Dustin Brown.
1:04 of 3rd period - Stopped by Jonas Hiller with a rebound.
1:06 of 3rd period - Snap shot by Benoit Pouliot.
1:06 of 3rd period - Deflect By Derek Roy.
1:06 of 3rd period - Shot Misses the Net.
1:06 of 3rd period - Puck is out of play.
1:07 of 3rd period - Vincent Lecavalier wins face-off versus Derek Stepan in Sabres zone.
1:32 of 3rd period - Michael Kostka is hit by Joe Colborne and loses puck.
1:57 of 3rd period - Wrist shot by James Wright.
1:57 of 3rd period - Shot Misses the Net.
1:59 of 3rd period - Snap shot by Josh Bailey.
1:59 of 3rd period - Stopped by Jonas Hiller with a rebound.
2:01 of 3rd period - Slapshot by James Wright.
2:01 of 3rd period - Stopped by Jonas Hiller without a rebound.
2:02 of 3rd period - Joe Colborne wins face-off versus Evander Kane in Sabres zone.
2:02 of 3rd period - Joe Colborne is hit by Rob Scuderi.
2:04 of 3rd period - Snap shot by Shea Weber.
2:04 of 3rd period - Shot Blocked by Zach Bogosian.
2:06 of 3rd period - Backhand shot by Lee Stempniak.
2:06 of 3rd period - Deflect By Evander Kane.
2:06 of 3rd period - Shot Misses the Net.
2:06 of 3rd period - Puck is out of play.
2:07 of 3rd period - Joe Colborne wins face-off versus Evander Kane in Sabres zone.
2:20 of 3rd period - Snap shot by Joe Colborne.
2:20 of 3rd period - Deflect By Marcus Johansson.
2:20 of 3rd period - Shot Blocked by Zach Bogosian.
2:20 of 3rd period - Puck is out of play.
2:21 of 3rd period - Andrei Loktionov wins face-off versus Derek Roy in Sabres zone.
2:30 of 3rd period - Wrist shot by Scottie Upshall.
2:30 of 3rd period - Shot Hit the Post.
2:32 of 3rd period - Snap shot by Michael Kostka.
2:32 of 3rd period - Stopped by Jacob Markstrom with a rebound.
2:34 of 3rd period - Wrist shot by Evander Kane.
2:34 of 3rd period - Deflect By Scottie Upshall.
2:34 of 3rd period - Shot Misses the Net.
2:34 of 3rd period - Puck is out of play.
2:35 of 3rd period - Derek Roy wins face-off versus Andrei Loktionov in Jets zone.
2:46 of 3rd period - Snap shot by Eric Gelinas.
2:46 of 3rd period - Stopped by Jonas Hiller with a rebound.
3:04 of 3rd period - Ilya Kovalchuk is hit by Alexander Frolov and loses puck.
3:31 of 3rd period - Snap shot by Matt Martin.
3:31 of 3rd period - Stopped by Jacob Markstrom without a rebound.
3:32 of 3rd period - Derek Roy wins face-off versus Vincent Lecavalier in Jets zone.
3:41 of 3rd period - Wrist shot by Derek Roy.
3:41 of 3rd period - Shot Misses the Net.
3:59 of 3rd period - Derek Stepan is hit by Jared Cowen and loses puck.
4:00 of 3rd period - Derek Stepan from Jets is injured at 4:00 of 3rd period (Sprained Right Ankle).
4:01 of 3rd period - Evander Kane wins face-off versus Derek Roy in Jets zone.
4:37 of 3rd period - Snap shot by Shea Weber.
4:37 of 3rd period - Stopped by Jonas Hiller with a rebound.
5:11 of 3rd period - Eric Gelinas is hit by Branko Radivojevic and loses puck.
6:23 of 3rd period - Slapshot by Scottie Upshall.
6:23 of 3rd period - Shot Misses the Net.
6:35 of 3rd period - Snap shot by Anton Volchenkov.
6:35 of 3rd period - Deflect By Darcy Hordichuk.
6:35 of 3rd period - Stopped by Jonas Hiller without a rebound.
6:36 of 3rd period - Joe Colborne wins face-off versus Brandon Sutter in Sabres zone.
6:39 of 3rd period - Slapshot by Joe Colborne.
6:39 of 3rd period - Stopped by Jonas Hiller with a rebound.
6:43 of 3rd period - Snap shot by Joe Colborne.
6:43 of 3rd period - Stopped by Jonas Hiller with a rebound.
6:45 of 3rd period - Slapshot by Lee Stempniak.
6:45 of 3rd period - Shot Misses the Net.
6:57 of 3rd period - Jared Cowen is hit by Dustin Brown and loses puck.
7:04 of 3rd period - Wrist shot by Dustin Brown.
7:04 of 3rd period - Stopped by Jonas Hiller without a rebound.
7:05 of 3rd period - Marcus Johansson wins face-off versus Evander Kane in Sabres zone.
7:12 of 3rd period - Wrist shot by Marcus Johansson.
7:12 of 3rd period - Stopped by Jonas Hiller with a rebound.
7:30 of 3rd period - Benoit Pouliot is hit by Darcy Hordichuk and loses puck.
7:41 of 3rd period - Snap shot by Darcy Hordichuk.
7:41 of 3rd period - Shot Misses the Net.
7:55 of 3rd period - Backhand shot by Erik Haula.
7:55 of 3rd period - Stopped by Jonas Hiller without a rebound.
7:56 of 3rd period - James Wright wins face-off versus Andrei Loktionov in Sabres zone.
8:41 of 3rd period - Snap shot by Alexander Frolov.
8:41 of 3rd period - Shot Blocked by Rob Scuderi.
8:47 of 3rd period - Snap shot by Devin Setoguchi.
8:47 of 3rd period - Stopped by Jonas Hiller without a rebound.
8:48 of 3rd period - Darcy Hordichuk wins face-off versus Marcus Johansson in Sabres zone.
9:13 of 3rd period - Snap shot by Alexander Frolov.
9:13 of 3rd period - Stopped by Jonas Hiller without a rebound.
9:14 of 3rd period - Derek Roy wins face-off versus Andrei Loktionov in Sabres zone.
9:53 of 3rd period - Vincent Lecavalier is hit by Josh Bailey and loses puck.
10:14 of 3rd period - Joe Colborne is hit by Zack Kassian.
10:56 of 3rd period - Jared Cowen is hit by Shea Weber.
11:36 of 3rd period - Shea Weber is hit by Darcy Hordichuk and loses puck.
12:43 of 3rd period - Wrist shot by Vincent Lecavalier.
12:43 of 3rd period - Shot Misses the Net.
15:00 of 3rd period - Jakub Kindl is hit by Shea Weber and loses puck.
15:09 of 3rd period - Dustin Brown is hit by Rob Scuderi and loses puck.
15:38 of 3rd period - Jared Cowen is hit by Lee Stempniak and loses puck.
16:12 of 3rd period - Josh Bailey is hit by Matt Martin.
16:37 of 3rd period - Brad Richardson is hit by Marcus Johansson and loses puck.
17:35 of 3rd period - Andrei Loktionov is hit by Tomas Kundratek and loses puck.
17:50 of 3rd period - Eric Gelinas is hit by Michael Kostka and loses puck.
19:01 of 3rd period - James Wright is hit by Zack Kassian and loses puck.
19:12 of 3rd period - Justin Falk is hit by Michael Kostka and loses puck.
19:42 of 3rd period - Michael Kostka is hit by Benoit Pouliot and loses puck.
Goals for this period are 0 for Jets vs 0 for Sabres.
Shots for this period are 13 for Jets vs 3 for Sabres.
Back to the Top